[Event "Fagernes Chess GM-Swiss 2024"]
[Site "Fagernes"]
[Date "2024.03.28"]
[Round "6.18"]
[White "Dushyant Sharma"]
[Black "Celik, Hasan Huseyin"]
[Result "1/2-1/2"]
[ECO "B61"]
[WhiteElo "2331"]
[BlackElo "2417"]
[Annotator "TA"]
[PlyCount "51"]
[EventDate "2024.03.25"]
[EventType "swiss"]
[EventCountry "NOR"]
[SourceTitle "playchess.com"]
[Source "ChessBase"]
[SourceQuality "1"]
[TimeControl "40/6000+30:2400+30"]

1. e4 c5 2. Nf3 d6 3. d4 cxd4 4. Nxd4 Nf6 5. Nc3 Nc6 6. Bg5 Bd7 7. Qd2 Rc8 8. O-O-O Nxd4 9. Qxd4 Qa5 10. Be3 a6 11. f3 e5 12. Qb6 Qxb6 13. Bxb6 {[%emt 0:00:08] White is slightly better.} Be7 14. Be2 Be6 15. Rd2 h5 16. Be3 h4 17. Rhd1 Rc6 18. Kb1 g6 19. Nd5 Bxd5 20. exd5 Rc7 21. c4 Nd7 22. b4 b6 23. Rc2 f5 {[%emt 0:02:58] The position is equal.} 24. h3 Kf7 25. a3 a5 26. Rdd2 {[%emt 0:04:10] Weighted Error Value: White=0.10 (very precise) /Black=0.06 (flawless) .  Inaccurate:     	---       	Black=1      OK:         	White=2     	Black=8} 1/2-1/2

[Event "Fagernes Chess GM-Swiss 2024"]
[Site "Fagernes"]
[Date "2024.03.28"]
[Round "6.19"]
[White "Narva, Mai"]
[Black "Vagman, Roy"]
[Result "1-0"]
[ECO "B10"]
[WhiteElo "2399"]
[BlackElo "2311"]
[Annotator "TA"]
[PlyCount "53"]
[EventDate "2024.03.25"]
[EventType "swiss"]
[EventCountry "NOR"]
[SourceTitle "playchess.com"]
[Source "ChessBase"]
[SourceQuality "1"]
[TimeControl "40/6000+30:2400+30"]

1. e4 c6 2. c4 d5 3. cxd5 cxd5 4. exd5 Nf6 5. Nc3 g6 6. Bc4 Bg7 7. Nf3 O-O 8. O-O Nbd7 9. d3 Nb6 10. Qb3 Bg4 11. Ne5 Bf5 12. Re1 Ne8 {[%emt 0:09:39] White is better.} 13. a4 Nd6 14. a5 Nbxc4 15. dxc4 {[%emt 0:01:43] aiming for c5.} Bxe5 16. Rxe5 {[%emt 0:00:08] c5 would now be deadly.} Rc8 {[%emt 0:00:11] Black is weak on the dark squares} 17. Bh6 {[%emt 0:09:15] And now a6 would win.} Re8 18. Nb5 Rxc4 {[%emt 0:08:32] [#]} (18... Nxc4 $2 {too greedy.} 19. Rxf5 Qd7 20. Rf4 Qxd5 21. Na3 $18 (21. Nxa7 Rc5 $18)) 19. Rxf5 Nxf5 (19... Rh4 20. Nxd6) 20. Qxc4 Nxh6 21. Nxa7 {[%emt 0:02:11] White is much more active.} Nf5 22. b4 $36 {[%emt 0:02:01][%mdl 2048] Black is under strong pressure.} Qb8 23. Nb5 Qe5 24. Rd1 Rd8 25. h3 e6 $2 {[%emt 0:05:43][%mdl 8192] [#]} (25... Kf8 $16 26. Qc5 Qe4) 26. d6 $1 $18 Nxd6 (26... Ne7 27. Qc7) 27. Qc5 {[%emt 0:01:55] Weighted Error Value: White=0.08 (flawless) /Black=0.11 (very precise) .  Loses game:     	---       	Black=1      Inaccurate:     	White=1     	---        OK:         	White=7     	Black=6      Best:        	White=2     	---        Brilliant:      	White=1     	---} 1-0

[Event "Fagernes Chess GM-Swiss 2024"]
[Site "Fagernes"]
[Date "2024.03.28"]
[Round "6.20"]
[White "Audi Ameya"]
[Black "Nandhidhaa, P V"]
[Result "1/2-1/2"]
[ECO "C11"]
[WhiteElo "2378"]
[BlackElo "2305"]
[Annotator "RC"]
[PlyCount "93"]
[EventDate "2024.03.25"]
[EventType "swiss"]
[EventCountry "NOR"]
[SourceTitle "playchess.com"]
[Source "ChessBase"]
[SourceQuality "1"]
[TimeControl "40/6000+30:2400+30"]

1. e4 e6 2. d4 d5 3. Nc3 Nf6 4. e5 Nfd7 5. f4 c5 6. Nf3 Nc6 7. Be3 Be7 8. a3 O-O 9. dxc5 Nxc5 10. Be2 b6 11. O-O a5 12. Bb5 Na7 13. Be2 Nc6 14. Kh1 Bb7 15. Nb5 Ne4 16. Bd3 Ba6 17. Nbd4 Nxd4 18. Nxd4 Bc5 19. b4 Bxd3 20. cxd3 Nc3 21. Qe1 Bxd4 22. Bxd4 Nb5 23. Bb2 a4 24. f5 exf5 25. Rxf5 Nc7 26. Qf2 Ne6 27. Rf1 Ra7 28. Bd4 Rb7 29. h3 Qc7 30. h4 Rc8 31. h5 Qc2 32. Qe3 h6 33. Bxb6 Rc3 34. R5f2 Qxd3 35. Rf3 Qxe3 36. Rxe3 Rxe3 37. Bxe3 Rc7 38. Rc1 Rxc1+ 39. Bxc1 Nc7 40. g4 Kf8 41. Kg2 Ke7 42. Kf3 Kd7 43. Ke3 Ne6 44. Kd3 Kc6 45. Be3 Kb5 46. Bf2 Kc6 47. Be3 1/2-1/2

[Event "Fagernes Chess GM-Swiss 2024"]
[Site "Fagernes"]
[Date "2024.03.28"]
[Round "6.21"]
[White "Aamodt, Peder Marcus"]
[Black "Panda Sambit"]
[Result "1/2-1/2"]
[ECO "B13"]
[WhiteElo "1941"]
[BlackElo "2377"]
[Annotator "RC"]
[PlyCount "125"]
[EventDate "2024.03.25"]
[EventType "swiss"]
[EventCountry "NOR"]
[SourceTitle "playchess.com"]
[Source "ChessBase"]
[SourceQuality "1"]
[TimeControl "40/6000+30:2400+30"]

1. e4 c6 2. d4 d5 3. exd5 cxd5 4. Bd3 Nf6 5. c3 Bg4 6. Qb3 Qc7 7. h3 Bd7 8. Nf3 e6 9. O-O Bd6 10. Re1 Bc6 11. Qd1 Nbd7 12. Qe2 O-O 13. Nbd2 Rab8 14. a4 Bf4 15. Ne5 Nxe5 16. dxe5 Nd7 17. Nf3 Bxc1 18. Rexc1 f6 19. Re1 Rbe8 20. b4 Nxe5 21. Nxe5 fxe5 22. Qxe5 Qxe5 23. Rxe5 Rf4 24. a5 Kf7 25. Rae1 Bd7 26. R1e3 g6 27. g3 Rf6 28. h4 Rc8 29. Bb1 Bb5 30. f4 Bc4 31. Bc2 b6 32. axb6 axb6 33. Bd3 Bxd3 34. Rxd3 Rf5 35. Re2 Ke7 36. Ra2 Kd6 37. Re3 e5 38. Ra6 Rb8 39. Rxe5 Rxe5 40. fxe5+ Kxe5 41. Kf2 d4 42. cxd4+ Kxd4 43. Ra7 Rf8+ 44. Ke2 Re8+ 45. Kf3 h5 46. Rc7 Rf8+ 47. Ke2 Rf6 48. Rc8 Rd6 49. Kf3 Rf6+ 50. Ke2 Ke4 51. Rc7 Rd6 52. Rf7 Kd4 53. Rc7 Rf6 54. Rc8 Ke4 55. Rc7 Re6 56. Rc8 Kf5+ 57. Kf3 Rd6 58. Rf8+ Ke5 59. Ke3 Rd1 60. Re8+ Kf5 61. Rf8+ Ke5 62. Re8+ Kf5 63. Rf8+ 1/2-1/2

[Event "Fagernes Chess GM-Swiss 2024"]
[Site "Fagernes"]
[Date "2024.03.28"]
[Round "6.22"]
[White "Krishnan, Ritvik"]
[Black "Chasin, Nico"]
[Result "0-1"]
[ECO "C54"]
[WhiteElo "2277"]
[BlackElo "2447"]
[Annotator "TA"]
[PlyCount "74"]
[EventDate "2024.03.25"]
[EventType "swiss"]
[EventCountry "NOR"]
[SourceTitle "playchess.com"]
[Source "ChessBase"]
[SourceQuality "1"]
[TimeControl "40/6000+30:2400+30"]

1. e4 e5 2. Nf3 Nc6 3. Bc4 Bc5 4. c3 Nf6 5. d3 d6 6. O-O a6 7. Re1 Ba7 8. a4 h6 9. b4 {[%emt 0:02:24] The position is equal.} O-O 10. h3 Ne7 11. Bb3 Ng6 12. d4 d5 13. dxe5 Nxe4 14. Be3 Bxe3 15. Rxe3 Nf4 16. Nbd2 Ng5 17. Kh2 (17. h4 $14 Nge6 18. g3) 17... c6 18. a5 f6 19. Nxg5 fxg5 20. Kg1 Be6 21. Nf1 {[%emt 0:04:41] [#]} (21. Qe1 $11 {keeps the balance.}) 21... Qc7 {[%emt 0:01:16] Black is more active.} (21... h5 $1 $17 {Hoping for ...g4.} 22. Nh2 g4) 22. Ng3 Rae8 23. Qd4 {[%emt 0:07:03] [#]} (23. Ra2 $15) 23... Qf7 $2 (23... Bxh3 $1 $19 24. gxh3 Qd7) 24. f3 Qd7 25. Ra2 Kh8 26. Nh1 Ng6 27. Nf2 Rf4 28. Qd2 Bg8 29. Nd3 Rf5 30. Qe1 Qc7 (30... Qc8 $11 31. e6 Rxe6 (31... Bxe6 32. Rae2 $16) 32. Rxe6 Qxe6 (32... Bxe6 33. Re2 $14)) 31. e6 $1 $14 Nf4 32. Ne5 {[%emt 0:03:40][%mdl 8192] This move loses the game for White.} (32. Nc5 $16) 32... Rxe6 33. Ng4 Rxe3 34. Qxe3 h5 35. Nf2 Re5 {[%emt 0:00:03] Black is clearly winning.} 36. Qd2 Re2 37. Qd1 Qe5 {[%emt 0:00:23] Weighted Error Value: White=0.42/Black=0.24 (precise) .  Loses game:     	White=1     	---        Missed win:     	---       	Black=1      Mistake:       	White=3     	Black=2      Inaccurate:     	White=4     	Black=5      OK:         	White=9     	Black=11     Best:        	---       	Black=1      Strong:       	White=1     	---} 0-1

[Event "Fagernes Chess GM-Swiss 2024"]
[Site "Fagernes"]
[Date "2024.03.28"]
[Round "6.23"]
[White "Prraneeth Vuppala"]
[Black "Daakshin Arun"]
[Result "1/2-1/2"]
[ECO "E66"]
[WhiteElo "2506"]
[BlackElo "2283"]
[Annotator "TA"]
[PlyCount "108"]
[EventDate "2024.03.25"]
[EventType "swiss"]
[EventCountry "NOR"]
[SourceTitle "playchess.com"]
[Source "ChessBase"]
[SourceQuality "1"]
[TimeControl "40/6000+30:2400+30"]

1. d4 Nf6 2. c4 g6 3. g3 Bg7 4. Bg2 O-O 5. Nc3 d6 6. Nf3 c5 7. O-O Nc6 8. d5 Na5 9. Nd2 e6 10. Rb1 exd5 11. cxd5 Bd7 12. Nde4 Ne8 13. Qd3 $1 c4 14. Qe3 Qe7 15. Bd2 $1 b6 $1 16. Rfc1 Rc8 17. Nd1 Bf5 18. Ra1 Nb7 (18... Nc7 $5) 19. Bc3 Bxe4 20. Qxe4 Qxe4 21. Bxe4 Bxc3 22. Nxc3 Nf6 23. Bf3 a6 24. b4 cxb3 25. axb3 Nc5 26. Rcb1 Rfe8 27. b4 Nce4 28. Nxe4 Nxe4 29. Rb2 Ra8 30. h4 (30. Rba2 $16) 30... a5 $1 $11 31. Ra3 a4 $1 32. e3 b5 33. Rc2 f5 34. Be2 Rab8 35. Rc6 Red8 ({Black should play} 35... Rb7 $15) 36. Kg2 Nf6 37. Rd3 Kf7 38. Rd1 Ke7 39. Ra6 Rdc8 (39... Ra8 $1 $15 {feels stronger.} 40. Bxb5 Rxa6 41. Bxa6 Ra8 (41... Rb8 42. b5 $15)) 40. Ra7+ Kf8 41. h5 Ra8 42. Rb7 (42. Rc1 Rxa7 43. Rxc8+ Kg7 $19) (42. Rxa8 $11 Rxa8 43. hxg6 hxg6 44. Bxb5) 42... Rab8 (42... Nxh5 43. Bxh5 gxh5 44. Ra1 $11) (42... a3 $1 $15 43. Rxb5 Ne4 (43... Nxh5 44. Ra1 $11) (43... Rc2 44. Bd3 $17) 44. hxg6 hxg6) 43. Rc1 Rxb7 $15 (43... Nxh5 44. Rxb5 (44. Bxb5 a3 $11) (44. Rxc8+ Rxc8 45. Rxh7 Rc2 $11) 44... Nf6 45. Rc6 $11) 44. Rxc8+ {[%emt 0:00:00][%mdl 4096] Endgame. KRB-KRN} Kg7 45. Ra8 {[%emt 0:00:00] Repels Ra7} Rb6 (45... Nxd5 46. Bf3 Nxe3+ 47. fxe3 $18) (45... Ne4 $15 {is more appropriate.}) 46. Ra5 {[%emt 0:00:00] The position is equal.} Nxd5 47. Bxb5 Nxb4 48. Bc4 d5 49. Be2 Nc2 50. Rxa4 (50. Rxd5 a3 51. Bc4 Rb2 $17 (51... gxh5 52. Ra5 $11)) 50... Rb2 51. Ra7+ Kh6 52. Re7 Rb1 53. f4 Rb2 54. hxg6 hxg6 {[%emt 0:00:10] Weighted Error Value: White=0.13 (very precise) /Black=0.11 (very precise) .  Mistake:       	White=3     	Black=4      Inaccurate:     	White=3     	Black=3      OK:         	White=16    	Black=16     Best:        	White=1     	Black=2      Strong:       	White=2     	Black=3} 1/2-1/2

[Event "Fagernes Chess GM-Swiss 2024"]
[Site "Fagernes"]
[Date "2024.03.28"]
[Round "6.24"]
[White "Brynell, Stellan"]
[Black "Lindh, Fredrik"]
[Result "0-1"]
[ECO "B31"]
[WhiteElo "2406"]
[BlackElo "2256"]
[Annotator "RC"]
[PlyCount "96"]
[EventDate "2024.03.25"]
[EventType "swiss"]
[EventCountry "NOR"]
[SourceTitle "playchess.com"]
[Source "ChessBase"]
[SourceQuality "1"]
[TimeControl "40/6000+30:2400+30"]

1. e4 c5 2. Nf3 Nc6 3. Bb5 g6 4. O-O Bg7 5. c3 Nf6 6. Re1 O-O 7. d4 d5 8. e5 Ne4 9. Bxc6 bxc6 10. Be3 Qb6 11. Qc1 cxd4 12. cxd4 f6 13. Nc3 Nxc3 14. Qxc3 Bg4 15. exf6 exf6 16. Nd2 f5 17. f3 f4 18. Bf2 Bf5 19. Nb3 a5 20. Re2 Rfc8 21. Bh4 Qb4 22. Bg5 Qc4 23. Rd2 a4 24. Nc5 Rcb8 25. Rc1 Rb4 26. Qxc4 dxc4 27. Bxf4 a3 28. bxa3 Rxa3 29. Be5 c3 30. Re2 Rb2 31. Ree1 Raxa2 32. g4 Bh6 33. Rxc3 Bd2 34. Rcc1 Bxc1 35. Rxc1 Rb1 36. Rxb1 Bxb1 37. Bg3 Rc2 38. Bf2 Ba2 39. Nd7 Kf7 40. Kg2 Bd5 41. h4 Rc3 42. Ne5+ Ke6 43. Kg3 c5 44. Kf4 c4 45. Be3 Rb3 46. Bc1 c3 47. Ke3 Rb1 48. Ba3 Ra1 0-1

[Event "Fagernes Chess GM-Swiss 2024"]
[Site "Fagernes"]
[Date "2024.03.28"]
[Round "6.25"]
[White "Mihajlov, Sebastian"]
[Black "Al-Tarboush, Ward"]
[Result "1/2-1/2"]
[ECO "B33"]
[WhiteElo "2373"]
[BlackElo "2277"]
[Annotator "RC"]
[PlyCount "152"]
[EventDate "2024.03.25"]
[EventType "swiss"]
[EventCountry "NOR"]
[SourceTitle "playchess.com"]
[Source "ChessBase"]
[SourceQuality "1"]
[TimeControl "40/6000+30:2400+30"]

1. e4 c5 2. Nf3 Nc6 3. d4 cxd4 4. Nxd4 Nf6 5. Nc3 e5 6. Ndb5 d6 7. Bg5 a6 8. Na3 b5 9. Nd5 Be7 10. Bxf6 Bxf6 11. c3 Bg5 12. Nc2 Rb8 13. a4 bxa4 14. Ncb4 Nxb4 15. cxb4 Bd7 16. Rxa4 a5 17. b5 Bxb5 18. Bxb5+ Rxb5 19. Qe2 Rc5 20. O-O O-O 21. Rfa1 f5 22. Nc3 f4 23. Qg4 f3 24. g3 Bd2 25. Nd5 Qe8 26. R4a3 h5 27. Qh3 Rc4 28. Rd1 Rxe4 29. Rd3 Bh6 30. Nc3 Rg4 31. Rxd6 e4 32. Rd8 Qxd8 33. Rxd8 Rxd8 34. Qxh5 Rg5 35. Qh4 Rd4 36. Qh3 Re5 37. Qc8+ Kh7 38. Qc7 e3 39. Qxe5 e2 40. h4 Rd1+ 41. Kh2 e1=Q 42. Qf5+ Kg8 43. Qc8+ Kf7 44. Qf5+ Ke8 45. Nxd1 Qxd1 46. Qe5+ Kd7 47. Qb5+ Kd6 48. Qxa5 Qe2 49. Qb6+ Kd5 50. Qa5+ Ke4 51. Qb4+ Ke5 52. Qc5+ Ke4 53. Qb4+ Kd5 54. Qa5+ Kc6 55. Qa4+ Kd6 56. Qb4+ Ke6 57. Qb6+ Kf7 58. b4 Kg8 59. Qc5 g6 60. Kh3 Qe6+ 61. Kh2 Bf8 62. Qd4 Qe2 63. Kh3 Qb5 64. Qe4 Qd7+ 65. g4 Qf7 66. b5 Bc5 67. Kg3 Bd6+ 68. Kh3 Bc7 69. Qc6 Kh7 70. b6 Bb8 71. b7 Kg7 72. Qc3+ Qf6 73. Qxf6+ Kxf6 74. h5 Kg5 75. hxg6 Kxg6 76. g5 Kxg5 1/2-1/2

[Event "Fagernes Chess GM-Swiss 2024"]
[Site "Fagernes"]
[Date "2024.03.28"]
[Round "6.26"]
[White "Kreken, Eivind Grunt"]
[Black "Yaniv, Yuval"]
[Result "1-0"]
[ECO "A43"]
[WhiteElo "2215"]
[BlackElo "2368"]
[Annotator "RC"]
[PlyCount "77"]
[EventDate "2024.03.25"]
[EventType "swiss"]
[EventCountry "NOR"]
[SourceTitle "playchess.com"]
[Source "ChessBase"]
[SourceQuality "1"]
[TimeControl "40/6000+30:2400+30"]

1. Nf3 Nf6 2. g3 g6 3. Bg2 Bg7 4. O-O O-O 5. d4 d6 6. Nc3 Na6 7. e4 c5 8. d5 Nc7 9. a4 a6 10. Qd3 Rb8 11. a5 Nb5 12. Nxb5 axb5 13. Qxb5 Nxe4 14. Re1 Nf6 15. Nd2 Bf5 16. c3 Re8 17. Nc4 Bd3 18. Re3 Bxc4 19. Qxc4 b5 20. axb6 Qxb6 21. Re2 Qb5 22. Qxb5 Rxb5 23. Ra7 Kf8 24. h3 c4 25. Rc7 Nxd5 26. Rxc4 Reb8 27. Kh2 Nb6 28. Rc7 Bf6 29. Bh6+ Kg8 30. b4 d5 31. Bf4 Rc8 32. Rxc8+ Nxc8 33. Ra2 Nb6 34. Ra5 Rxa5 35. bxa5 Nc4 36. a6 e6 37. a7 Nb6 38. Be3 Na8 39. c4 1-0

[Event "Fagernes Chess GM-Swiss 2024"]
[Site "Fagernes"]
[Date "2024.03.28"]
[Round "6.27"]
[White "Stark, John"]
[Black "Moksh Amit Doshi"]
[Result "0-1"]
[ECO "A13"]
[WhiteElo "1947"]
[BlackElo "2353"]
[Annotator "RC"]
[PlyCount "59"]
[EventDate "2024.03.25"]
[EventType "swiss"]
[EventCountry "NOR"]
[SourceTitle "playchess.com"]
[Source "ChessBase"]
[SourceQuality "1"]
[TimeControl "40/6000+30:2400+30"]

1. c4 e6 2. Nf3 d5 3. e3 Nf6 4. b3 c5 5. Bb2 Nc6 6. cxd5 exd5 7. Bb5 Bd6 8. Ne5 Qb6 9. Bxc6+ bxc6 10. O-O O-O 11. f4 c4 12. Nc3 cxb3 13. Na4 Qb5 14. axb3 Rb8 15. Qc2 Ba6 16. Rfc1 Rfc8 17. Qf5 Bf8 18. g4 Rc7 19. Nc3 Qb6 20. Na4 Qxb3 21. Rxc6 Bd3 22. Qg5 Ne4 23. Qh5 Rbc8 24. Rxc7 Rxc7 25. Bc3 d4 26. Ba5 Rb7 27. exd4 Bb1 28. g5 Bb4 29. Bxb4 Qxb4 30. Nf3 0-1

[Event "Fagernes Chess GM-Swiss 2024"]
[Site "Fagernes"]
[Date "2024.03.28"]
[Round "6.28"]
[White "Andersen, Morten"]
[Black "Nordahl, Helge"]
[Result "1-0"]
[ECO "E92"]
[WhiteElo "2178"]
[BlackElo "2330"]
[Annotator "RC"]
[PlyCount "91"]
[EventDate "2024.03.25"]
[EventType "swiss"]
[EventCountry "NOR"]
[SourceTitle "playchess.com"]
[Source "ChessBase"]
[SourceQuality "1"]
[TimeControl "40/6000+30:2400+30"]

1. d4 Nf6 2. c4 g6 3. Nc3 Bg7 4. e4 d6 5. Nf3 O-O 6. h3 e5 7. d5 a5 8. Bg5 Na6 9. Be2 Qe8 10. Nd2 h6 11. Be3 Nh7 12. O-O Bd7 13. Bg4 f5 14. exf5 gxf5 15. Bh5 Qe7 16. f4 e4 17. Kh2 Nc5 18. Nb3 Nd3 19. Qd2 a4 20. Nd4 Bf6 21. g4 fxg4 22. Rg1 Kh8 23. Bxg4 Bxg4 24. Rxg4 Rg8 25. Nf5 Qd7 26. Nxh6 Rxg4 27. Nxg4 Qf5 28. Nxf6 Nxf6 29. Rg1 Rg8 30. Rxg8+ Kxg8 31. Nxa4 b5 32. Nc3 bxc4 33. Qg2+ Kf7 34. Qg5 Qg6 35. Bd4 Nxb2 36. a4 Nd3 37. a5 Nb4 38. Qxg6+ Kxg6 39. Bxf6 Kxf6 40. h4 c6 41. dxc6 Nxc6 42. a6 Ke6 43. h5 d5 44. h6 Kf6 45. Nxd5+ Kg6 46. Ne7+ 1-0

[Event "Fagernes Chess GM-Swiss 2024"]
[Site "Fagernes"]
[Date "2024.03.28"]
[Round "6.29"]
[White "Avetisyan, Ani"]
[Black "Hedman, Erik"]
[Result "1/2-1/2"]
[ECO "E15"]
[WhiteElo "1840"]
[BlackElo "2311"]
[Annotator "RC"]
[PlyCount "168"]
[EventDate "2024.03.25"]
[EventType "swiss"]
[EventCountry "NOR"]
[SourceTitle "playchess.com"]
[Source "ChessBase"]
[SourceQuality "1"]
[TimeControl "40/6000+30:2400+30"]

1. d4 Nf6 2. c4 e6 3. Nf3 b6 4. g3 Ba6 5. Qa4 c5 6. Bg2 Bb7 7. dxc5 bxc5 8. O-O Be7 9. Nc3 O-O 10. Rd1 Qb6 11. Bf4 Rd8 12. Rd2 d6 13. Rad1 h6 14. Qb5 Ne8 15. Qxb6 axb6 16. b3 g5 17. Be3 Nd7 18. h4 g4 19. Ne1 Bxg2 20. Nxg2 Kh7 21. Bf4 Ndf6 22. e4 Nh5 23. Be3 Nhf6 24. Bf4 Nh5 25. Be3 Nhf6 26. Kf1 Nc7 27. Nf4 e5 28. Nfd5 Ncxd5 29. Nxd5 Nxd5 30. exd5 Ra3 31. Rc2 Rda8 32. Rdd2 h5 33. Re2 Bf8 34. Bc1 R3a7 35. a4 Bh6 36. Bxh6 Kxh6 37. f3 gxf3 38. Re3 f5 39. Rxf3 Rf8 40. Rcf2 Raf7 41. Ke2 Kg6 42. Ke3 Rf6 43. Rf1 R8f7 44. R1f2 Kg7 45. Rg2 Kf8 46. Rgf2 Ke8 47. Rf1 Kd8 48. R3f2 Kc7 49. Rf3 Kb7 50. Kd2 Ka6 51. Kc3 Ka5 52. R1f2 Rg7 53. Rxf5 Rxg3+ 54. Kc2 Rxf5 55. Rxf5 Kb4 56. Rxh5 Rc3+ 57. Kd2 Rxb3 58. Rh6 Kxc4 59. Rxd6 Kd4 60. Kc2 c4 61. h5 Kc5 62. Rd8 Rh3 63. d6 Rh2+ 64. Kc3 Rh3+ 65. Kc2 Rxh5 66. d7 Rh2+ 67. Kc3 Rh3+ 68. Kc2 Kd6 69. Re8 Kxd7 70. Rxe5 Ra3 71. Rb5 Kc6 72. Rb4 Kc5 73. Rb5+ Kd4 74. Rxb6 Ra2+ 75. Kc1 Kc3 76. Kb1 Rxa4 77. Rh6 Rb4+ 78. Kc1 Kb3 79. Rh3+ c3 80. Rh8 Rb7 81. Rc8 Rb6 82. Rh8 Rb7 83. Rc8 Rb6 84. Rh8 Rb7 1/2-1/2

[Event "Fagernes Chess GM-Swiss 2024"]
[Site "Fagernes"]
[Date "2024.03.28"]
[Round "6.30"]
[White "Shehzad, Shazil"]
[Black "Eliseev, Sergey"]
[Result "1-0"]
[ECO "A13"]
[WhiteElo "2301"]
[BlackElo "2131"]
[Annotator "RC"]
[PlyCount "115"]
[EventDate "2024.03.25"]
[EventType "swiss"]
[EventCountry "NOR"]
[SourceTitle "playchess.com"]
[Source "ChessBase"]
[SourceQuality "1"]
[TimeControl "40/6000+30:2400+30"]

1. c4 e6 2. g3 d5 3. Nf3 b6 4. cxd5 exd5 5. d4 Nf6 6. Nc3 Bb7 7. Bg2 Bd6 8. O-O a6 9. Qb3 Qe7 10. Ne5 Qe6 11. Bg5 Ne4 12. Nxe4 dxe4 13. Qxe6+ fxe6 14. Nc4 h6 15. Be3 Nd7 16. Rac1 Ke7 17. Nxd6 cxd6 18. Rc7 Bd5 19. Rfc1 Rhf8 20. h3 Rab8 21. g4 Rb7 22. R7c2 g5 23. Kh2 Nf6 24. b3 Kd7 25. Kg3 Rg8 26. Kh2 a5 27. f4 exf3 28. exf3 b5 29. Kg3 a4 30. bxa4 bxa4 31. Bf1 Ra8 32. Be2 a3 33. h4 gxh4+ 34. Kxh4 Ng8 35. Bf4 Raa7 36. Bc4 Bxf3 37. Rf1 Be4 38. Rcf2 Rb2 39. Bc1 Rxf2 40. Rxf2 Ke7 41. Re2 d5 42. Bb3 Kf7 43. Rf2+ Kg7 44. Bf4 Ne7 45. Be5+ Kg8 46. Bd6 Nc6 47. Rf8+ Kh7 48. Bc5 Ra6 49. Re8 Na5 50. Ba4 Nc4 51. Bb5 Ra5 52. Re7+ Kg8 53. Bd7 e5 54. Be6+ Kh8 55. Kh5 Ra8 56. Kxh6 Na5 57. Rh7+ Bxh7 58. Be7 1-0

[Event "Fagernes Chess GM-Swiss 2024"]
[Site "Fagernes"]
[Date "2024.03.28"]
[Round "6.31"]
[White "Rounaiv Rana"]
[Black "Haug, Havard"]
[Result "0-1"]
[ECO "D36"]
[WhiteElo "2099"]
[BlackElo "2341"]
[Annotator "RC"]
[PlyCount "116"]
[EventDate "2024.03.25"]
[EventType "swiss"]
[EventCountry "NOR"]
[SourceTitle "playchess.com"]
[Source "ChessBase"]
[SourceQuality "1"]
[TimeControl "40/6000+30:2400+30"]

1. d4 d5 2. c4 e6 3. Nc3 Nf6 4. cxd5 exd5 5. Bg5 Be7 6. e3 c6 7. Bd3 h6 8. Bh4 O-O 9. Qc2 Re8 10. Nge2 a5 11. O-O Na6 12. a3 Nc7 13. f3 c5 14. Na4 c4 15. Bf5 b5 16. Nac3 Bxf5 17. Qxf5 b4 18. axb4 axb4 19. Na4 Qd7 20. Qxd7 Nxd7 21. Bg3 Ne6 22. e4 Ra5 23. exd5 Rxd5 24. Rfd1 Ra8 25. b3 c3 26. Rac1 Bf6 27. Bf2 Bg5 28. Rc2 Ra6 29. Nc1 Bxc1 30. Rcxc1 Rad6 31. Bg3 Ra6 32. Bf2 f5 33. Nc5 Ndxc5 34. dxc5 Rxd1+ 35. Rxd1 Rc6 36. Kf1 Nxc5 37. Bxc5 Rxc5 38. Ke2 Re5+ 39. Kf2 Ra5 40. Rd4 Ra1 41. Rc4 Rb1 42. Ke3 Rxb3 43. Kf4 Rb2 44. Kxf5 Kh7 45. g4 c2 46. h4 Ra2 47. g5 Ra5+ 48. Kg4 hxg5 49. Rxc2 gxh4 50. Kxh4 b3 51. Rb2 Rb5 52. Kg4 Kg6 53. Kf4 Kf6 54. Ke4 Rb4+ 55. Kd3 Kf5 56. Kc3 Rb8 57. Kd3 Kf4 58. Ke2 Re8+ 0-1

[Event "Fagernes Chess GM-Swiss 2024"]
[Site "Fagernes"]
[Date "2024.03.28"]
[Round "6.32"]
[White "Oksendal, Martin"]
[Black "Melaa, Sondre"]
[Result "0-1"]
[ECO "C60"]
[WhiteElo "2086"]
[BlackElo "2285"]
[Annotator "RC"]
[PlyCount "68"]
[EventDate "2024.03.25"]
[EventType "swiss"]
[EventCountry "NOR"]
[SourceTitle "playchess.com"]
[Source "ChessBase"]
[SourceQuality "1"]
[TimeControl "40/6000+30:2400+30"]

1. e4 e5 2. Nf3 Nc6 3. Bb5 Nge7 4. Nc3 Ng6 5. d4 exd4 6. Nxd4 Nxd4 7. Qxd4 c6 8. Be2 Qb6 9. Qd3 Be7 10. O-O O-O 11. a4 d6 12. Be3 Qa5 13. f4 f5 14. Qc4+ Kh8 15. b4 Qd8 16. b5 Qe8 17. bxc6 bxc6 18. e5 dxe5 19. fxe5 Nxe5 20. Qf4 Ng6 21. Qc4 a5 22. Rfe1 Bb4 23. Bd4 Be6 24. Qd3 Rd8 25. Qe3 f4 26. Qf2 c5 27. Bg4 Bxg4 28. Rxe8 Rfxe8 29. h3 Bh5 30. g4 fxg3 31. Qf5 cxd4 32. Qxh5 dxc3 33. Qb5 Re5 34. Qb6 Bc5+ 0-1

[Event "Fagernes Chess GM-Swiss 2024"]
[Site "Fagernes"]
[Date "2024.03.28"]
[Round "6.33"]
[White "Sian, Shadi"]
[Black "Moreby, James"]
[Result "1/2-1/2"]
[ECO "D31"]
[WhiteElo "2076"]
[BlackElo "2260"]
[Annotator "RC"]
[PlyCount "110"]
[EventDate "2024.03.25"]
[EventType "swiss"]
[EventCountry "NOR"]
[SourceTitle "playchess.com"]
[Source "ChessBase"]
[SourceQuality "1"]
[TimeControl "40/6000+30:2400+30"]

1. d4 d5 2. c4 e6 3. Nc3 c6 4. cxd5 exd5 5. Nf3 Bf5 6. g3 Bd6 7. Bg2 h6 8. O-O Nf6 9. Nd2 O-O 10. e4 dxe4 11. Ndxe4 Nxe4 12. Nxe4 Be6 13. Nc5 Bxc5 14. dxc5 Na6 15. Bf4 Qf6 16. Bd6 Rfc8 17. Qd2 Nc7 18. Rfe1 Nb5 19. Be5 Qg5 20. Qxg5 hxg5 21. a4 Nc7 22. Bxc7 Rxc7 23. a5 a6 24. Rad1 Rcc8 25. Rd4 Rd8 26. Red1 Rxd4 27. Rxd4 Re8 28. f4 gxf4 29. Rxf4 Rd8 30. Rb4 Rd1+ 31. Kf2 Rd2+ 32. Kg1 Bc8 33. Bf3 Kf8 34. Rh4 Ke7 35. Re4+ Kd8 36. b4 Be6 37. h4 Bd5 38. Rf4 Bxf3 39. Rxf3 f6 40. Rf4 Ke7 41. g4 Rb2 42. Re4+ Kf7 43. Rd4 Kg6 44. h5+ Kh6 45. Kf1 g6 46. hxg6 Kxg6 47. Ke1 f5 48. gxf5+ Kxf5 49. Kd1 Ke5 50. Rh4 Kd5 51. Kc1 Rg2 52. Rh7 Kc4 53. Rxb7 Rg4 54. Kd1 Kc3 55. Rb6 Rxb4 1/2-1/2